 Dungeon Crawl Stone Soup version 0.31-a0-234-gad7ace16ef (webtiles) character file.

Game seed: 15486479878944089834

685 qw the Skirmisher (level 7, -5/52 (59) HPs)
             Began as a Minotaur Hexslinger on July 9, 2023.
             Slain by a wight
             ... wielding a +2 long sword
              (8 damage)
             ... on level 6 of the Dungeon.
             The game lasted 00:01:38 (4812 turns).

qw the Skirmisher (Minotaur Hexslinger)             Turns: 4812, Time: 00:01:39

HP:   -5/52 (59)    AC:  8    Str: 19    XL:     7   Next: 35%
MP:   7/7           EV: 11    Int: 10    God:
Gold: 261           SH:  0    Dex: 14    Spells: 7/8 levels left

rFire   . . .        Y - +2 sling
rCold   . . .        (no shield)
rNeg    . . .        a - +0 ring mail
rPois   .            (helmet restricted)
rElec   .            i - +0 cloak
rCorr   .            h - +0 pair of gloves
SInv    .            g - +0 pair of boots
Will    .....        (no amulet)
Stlth   +            c - +6 ring of strength
HPRegen 0.28/turn    (no ring)
MPRegen 0.10/turn

%: no passive effects
@: heavily drained
A: horns 2, retaliatory headbutt
a: no special abilities


You were on level 6 of the Dungeon.
You visited 1 branch of the dungeon, and saw 6 of its levels.

You collected 261 gold pieces.


Innate Abilities, Weirdness & Mutations

You have a pair of horns on your head.
You reflexively headbutt those who attack you in melee.


   Skills:
 + Level 4.0 Fighting
 - Level 8.0 Ranged Weapons
 - Level 2.3 Armour
 - Level 2.1 Dodging
 - Level 1.0 Spellcasting
 - Level 2.0 Hexes


You had 7 spell levels left.
You knew the following spells:

 Your Spells              Type           Power      Damage    Failure   Level
a - Slow                  Hex            16%        N/A       26%         1

Your spell library contained the following spells:

 Spells                   Type           Power      Damage    Failure   Level
 Inner Flame              Hex/Fire       2%         N/A       75%         3
 Portal Projectile        Hex/Tloc       4%         N/A       75%         3
 Cause Fear               Hex            2%         N/A       94%         4

Inventory:

Hand Weapons
 Y - a +2 sling (weapon)
Armour
 a - a +0 ring mail (worn)
 g - a +0 pair of boots (worn)
 h - a +0 pair of gloves (worn)
 i - a +0 cloak (worn)
Jewellery
 c - a +6 ring of strength (left hand)
Scrolls
 k - a scroll of identify
Potions
 b - a potion of mutation {unknown}
 e - 3 potions of curing
 f - a potion of haste {unknown}
 l - a potion of ambrosia {unknown}

Dungeon Overview and Level Annotations

Branches:
Dungeon (6/15)
 Temple: D:4-7

Altars:
Cheibriados
Qazlal
Uskayaw
Vehumet


Message History

The wight hits you with a +3 scimitar.
You feel drained.
You shoot a sling bullet. The sling bullet hits the wight.
You destroy the wight!
The wight barely misses you.
You shoot a sling bullet. The sling bullet hits the wight.
The wight is almost destroyed.
The wight closely misses you.
You shoot a sling bullet. The sling bullet hits the wight.
You destroy the wight!
Your Ranged Weapons skill increases to level 8!
You shoot a sling bullet. The sling bullet hits the wight!
The wight is heavily damaged.
The wight hits you with a +2 long sword.
You shoot a sling bullet.
The sling bullet hits the wight but does no damage.
The wight is heavily damaged.
The wight closely misses you.
You shoot a sling bullet.
The sling bullet hits the wight but does no damage.
The wight is heavily damaged.
The wight hits you with a +2 long sword!
You shoot a sling bullet. The sling bullet hits the wight.
The wight is severely damaged.
The wight completely misses you.
You shoot a sling bullet. The sling bullet hits the wight.
The wight is severely damaged.
The wight hits you with a +2 long sword.
You feel drained.
You shoot a sling bullet.
The sling bullet hits the wight but does no damage.
The wight is severely damaged.
The wight hits you but does no damage.
You shoot a sling bullet.
The sling bullet barely misses the wight.
The wight barely misses you. You furiously retaliate!
You headbutt the wight, but do no damage.
You shoot a sling bullet.
The sling bullet closely misses the wight.
The wight hits you with a +2 long sword!
You die...

#.# #.#........##.#
#.# #.#.....#.###.#
#.# #.###.###.# #.#
#.# #.# #.# #.# #.#
...####.###.###.###.#
#.#
....................#
#.?
#..#####.####.#######
### #.# #.# #@# #.#
......z).# #>#
.....##..# #.# ####
#... ..# #.###### #.#
#.# #>#


You could see a wight.

Vanquished Creatures
  Grinder (D:5)
  A scorpion (D:4)
  3 wights (D:6)
  A gnoll bouda (D:4)
  Jessica (D:2)
  5 adders
  7 gnolls
  2 ufetubi
  3 worms
  2 dart slugs
  7 orcs
  7 ball pythons
  6 bats
  5 endoplasms
  3 giant cockroaches
  7 goblins
  7 hobgoblins
  3 jackals (D:3)
  11 kobolds
  A quokka (D:2)
  3 frilled lizards
  4 rats
90 creatures vanquished.

Notes
Turn   | Place    | Note
-------+----------+-------------------------------------------
     0 | D:1      | qw the Minotaur Hexslinger began the quest for the Orb.
     0 | D:1      | Reached XP level 1. HP: 16/16 MP: 1/1
     0 | D:1      | 0 ||| qw: Version: 0.3-a-51-g015441d
     0 | D:1      | 0 ||| qw: Game counter: 4097
     0 | D:1      | 0 ||| qw: Melee chars always use a shield: true
     0 | D:1      | 0 ||| qw: God list: Okawaru
     0 | D:1      | 0 ||| qw: Allow faded altars: false
     0 | D:1      | 0 ||| qw: Do Orc after clearing Dungeon:15 true
     0 | D:1      | 0 ||| qw: Do second Lair branch before Depths: true
     0 | D:1      | 0 ||| qw: Lair rune preference: random
     0 | D:1      | 0 ||| qw: Goals: Normal
     0 | D:1      | 0 ||| PLANNING D:1-11
   110 | D:1      | 110 ||| FLEEEEING.
   111 | D:1      | 111 ||| FLEEEEING.
   204 | D:1      | Reached skill level 3 in Ranged Weapons
   204 | D:1      | Reached XP level 2. HP: 23/23 MP: 2/2
  1001 | D:1      | 1001 ||| UPGRADING to +0 pair of gloves.
  1006 | D:1      | 1006 ||| READING scroll labelled XEGOAPT ENAIBI.
  1007 | D:1      | 1007 ||| READING scroll labelled LUFAOC QUOTI.
  1008 | D:1      | 1008 ||| READING scroll labelled NEECOO XIDOPUDD.
  1009 | D:1      | 1009 ||| READING scroll labelled QOMIANACIGH.
  1010 | D:1      | 1010 ||| READING scroll labelled OLAJEGOAPI.
  1011 | D:1      | 1011 ||| DRINKING 2 white potions.
  1012 | D:1      | 1012 ||| DROPPING scroll of poison.
  1013 | D:1      | 1013 ||| DROPPING potion of degeneration.
  1112 | D:2      | Found a faded altar of an unknown god.
  1138 | D:2      | Reached XP level 3. HP: 27/29 MP: 3/3
  1218 | D:2      | 1218 ||| FLEEEEING.
  1219 | D:2      | 1219 ||| FLEEEEING.
  1220 | D:2      | 1220 ||| FLEEEEING.
  1221 | D:2      | 1221 ||| FLEEEEING.
  1222 | D:2      | 1222 ||| FLEEEEING.
  1223 | D:2      | 1223 ||| FLEEEEING.
  1224 | D:2      | 1224 ||| FLEEEEING.
  1225 | D:2      | 1225 ||| FLEEEEING.
  1226 | D:2      | 1226 ||| FLEEEEING.
  1227 | D:2      | 1227 ||| FLEEEEING.
  1228 | D:2      | 1228 ||| FLEEEEING.
  1229 | D:2      | 1229 ||| FLEEEEING.
  1230 | D:2      | 1230 ||| FLEEEEING.
  1231 | D:2      | 1231 ||| FLEEEEING.
  1241 | D:2      | Reached skill level 4 in Ranged Weapons
  1436 | D:2      | Reached XP level 4. HP: 36/36 MP: 4/4
  1441 | D:2      | Reached skill level 5 in Ranged Weapons
  1562 | D:2      | Noticed Jessica
  1574 | D:2      | Killed Jessica
  1867 | D:2      | 1867 ||| UPGRADING to +0 ring mail.
  1877 | D:2      | 1877 ||| DROPPING +0 robe.
  1878 | D:2      | 1878 ||| READING scroll labelled NITUPSE CELUE.
  2016 | D:3      | Reached skill level 1 in Armour
  2016 | D:3      | Reached XP level 5. HP: 44/44 MP: 5/5
  2040 | D:3      | Reached skill level 3 in Fighting
  2426 | D:3      | Identified the +9 dagger "Killer Bee's Regret" {holy, rElec
                  | rF- rC+ rCorr}
  2856 | D:3      | 2856 ||| UPGRADING to +0 pair of boots.
  2861 | D:3      | 2861 ||| READING scroll labelled BEHOEMUEPN.
  2862 | D:3      | 2862 ||| DRINKING 2 brown potions.
  2904 | D:3      | 2904 ||| DRINKING 3 lumpy dark potions.
  2905 | D:3      | 2905 ||| DRINKING 2 golden potions.
  2906 | D:3      | 2906 ||| DROPPING potion of lignification.
  2907 | D:3      | 2907 ||| DROPPING potion of brilliance.
  3172 | D:4      | Reached skill level 6 in Ranged Weapons
  3367 | D:4      | Reached XP level 6. HP: 28/52 MP: 6/6
  3371 | D:4      | HP: 10/52 [gnoll/+0 spear[a gnoll bouda] (4)]
  3372 | D:4      | 3372 ||| DRINKING 2 potions of heal wounds.
  3629 | D:4      | Found a snail-covered altar of Cheibriados.
  4011 | D:4      | 4011 ||| UPGRADING to +6 ring of strength.
  4012 | D:4      | 4012 ||| READING 2 scrolls labelled SYR WOSUCWE.
  4013 | D:4      | 4013 ||| DROPPING scroll of immolation.
  4066 | D:5      | Entered Level 5 of the Dungeon
  4222 | D:5      | Found a radiant altar of Vehumet.
  4222 | D:5      | Found a stormy altar of Qazlal.
  4429 | D:5      | Noticed a +0 dagger
  4429 | D:5      | Noticed a +0 dagger
  4433 | D:5      | Found a hide-covered altar of Uskayaw.
  4465 | D:5      | Noticed Grinder
  4470 | D:5      | Paralysed by Grinder for 4 turns
  4477 | D:5      | 4477 ||| FLEEEEING.
  4478 | D:5      | 4478 ||| FLEEEEING.
  4480 | D:5      | 4480 ||| FLEEEEING.
  4502 | D:5      | Paralysed by Grinder for 3 turns
  4506 | D:5      | Killed Grinder
  4507 | D:5      | Reached skill level 7 in Ranged Weapons
  4507 | D:5      | Reached XP level 7. HP: 25/59 MP: 7/7
  4669 | D:5      | 4669 ||| UPGRADING to +0 cloak.
  4674 | D:5      | 4674 ||| READING scroll labelled YLOPEPHAPS.
  4793 | D:6      | HP: 11/55 [wight/+3 scimitar (12)]
  4794 | D:6      | 4794 ||| DRINKING potion of heal wounds.
  4805 | D:6      | Reached skill level 8 in Ranged Weapons
  4807 | D:6      | HP: 7/53 [wight/+2 long sword (9)]
  4809 | D:6      | HP: 3/53 [wight/+2 long sword (4)]
  4812 | D:6      | Slain by a wight

Levels and vault maps discovered:
D:1:      dpeg_arrival_prison, layout_loops_corners, chequers_decorated_corner,
          minmay_crystal_water
D:2:      layout_basic, shapermc_ecumenical_altar_rom_forum, uniq_jessica
D:3:      layout_loops_corners, minmay_quantized
D:4:      layout_loops_corners, kennysheep_slug_shrine
D:5:      layout_basic, dancing_weapons_uskayaw, gammafunk_temple_overflow_wave,
          uniq_grinder
D:6:      kennysheep_big_flooded_room, layout_loops_ring, gammafunk_ghost_split,
          serial_park_tiny_pond, kennysheep_donut, serial_park_tiny_pond

Skill      XL: |  1  2  3  4  5  6  7 |
---------------+----------------------+-----
Ranged Weapons | 3 4 5 6 7 8 |  8.0
Fighting       | 2 3 4 |  4.0
Armour         | 1 2 |  2.3
Dodging        | |  2.1
Spellcasting   | |  1.0
Hexes          | |  2.0

Action                     |  1- 3 |  4- 6 |  7- 9 || total
---------------------------+-------+-------+-------++-------
   Fire: Sling             |   121 |   200 |    30 ||   351
    Use: Scroll            |     5 |     3 |     1 ||     9
         Potion            |     1 |     4 |     1 ||     6
 Armour: Robe              |    12 |       |       ||    12
         Ring mail         |       |    27 |     6 ||    33
  Dodge: Dodged            |    35 |    65 |    20 ||   120

Table legend:
 A = Non-vault XP
 B = Vault XP
 C = Vault XP percentage of total XP
 D = Non-vault monster count
 E = Vault monster count
 F = Vault count percentage of total count
                 A         B        C        D         E       F
            +---------+---------+-------+---------+---------+-------
      Total |     642 |     337 |  34.4 |      80 |      10 |  11.1
            +---------+---------+-------+---------+---------+-------
        D:1 |      21 |       3 |  12.5 |      13 |       2 |  13.3
        D:2 |     117 |      37 |  24.0 |      23 |       1 |   4.2
        D:3 |      57 |       7 |  10.9 |      19 |       5 |  20.8
        D:4 |     209 |       4 |   1.9 |      19 |       1 |   5.0
        D:5 |      24 |     286 |  92.3 |       3 |       1 |  25.0
        D:6 |     214 |       0 |   0.0 |       3 |       0 |   0.0
            +---------+---------+-------+---------+---------+-------
